 Dungeon Crawl Stone Soup version 0.29.1 (webtiles) character file.

Game seed: 15201298990046641542

72 qw the Chopper (level 4, -4/28 HPs)
             Began as a Gargoyle Fighter on Sept 13, 2022.
             Slain by a gnoll
             ... wielding a +0 flail
              (6 damage)
             ... on level 2 of the Dungeon.
             The game lasted 00:00:38 (1787 turns).

qw the Chopper (Gargoyle Fighter)                   Turns: 1787, Time: 00:00:38

Health: -4/28      AC: 13    Str: 21    XL:     4   Next: 26%
Magic:  4/4        EV:  9    Int:  9    God:
Gold:   82         SH:  9    Dex:  9    Spells: 3/3 levels left

rFire   . . .      SeeInvis .   Y - +0 war axe
rCold   . . .      Faith    .   c - +0 buckler
rNeg    + . .      Spirit   .   b - +0 scale mail
rPois   inf        Reflect  +   f - +2 helmet
rElec   +          Harm     .   (no cloak)
rCorr   .          Rampage  .   (no gloves)
Will    .....                   (no boots)
Stlth   ..........              h - amulet of reflection
HPRegen 0.09/turn               (no ring)
MPRegen 0.09/turn               (no ring)

@: no status effects
A: sickness immunity, AC +3, negative energy resistance 1, electricity
resistance, torment resistance 1, petrification resistance
a: no special abilities


You were on level 2 of the Dungeon.
You visited 1 branch of the dungeon, and saw 4 of its levels.

You collected 82 gold pieces.


Innate Abilities, Weirdness & Mutations

You are immune to sickness and miasma.
Your stone body is resilient. (AC +3)
You are immune to poison.
You resist negative energy. (rN+)
You are resistant to electric shocks. (rElec)
You are resistant to unholy torment.
You are immune to petrification.


   Skills:
 - Level 3.2 Fighting
 + Level 4.0 Axes
 - Level 3.2 Armour
 - Level 3.2 Shields


You had 3 spell levels left.
You didn't know any spells.
Your spell library was empty.

Inventory:

Hand Weapons
 e - a +0 morningstar
 Y - a +0 war axe (weapon)
Missiles
 g - 5 boomerangs (quivered)
Armour
 b - a +0 scale mail (worn)
 c - a +0 buckler (worn)
 f - a +2 helmet (worn)
Jewellery
 h - an amulet of reflection (around neck)
Scrolls
 a - a scroll of identify
 l - 2 scrolls of teleportation
Potions
 d - a potion of might
 i - 3 potions of curing
 n - a potion of brilliance {unknown}

Dungeon Overview and Level Annotations

Branches:
Dungeon (4/15)
 Temple: D:4-7

Altars:


Message History

Enter note:
1776 ||| Stepping ~*~*~tactically~*~*~ (hiding).
You start waiting.
A gnoll is nearby!
A gnoll comes into view. It is wielding a +0 club.
You block the gnoll's attack. The gnoll closely misses you.
You hit the gnoll but do no damage. You block the gnoll's attack. x2
The gnoll hits you from afar with a +0 spear.
A gnoll comes into view. It is wielding a +0 flail.
You closely miss the gnoll.
The gnoll shouts!
You block the gnoll's attack. The gnoll hits you but does no damage.
You hit the gnoll.
The gnoll is moderately wounded.
You hit the gnoll. The gnoll closely misses you. You block the gnoll's attack.
You hit the gnoll.
The gnoll is moderately wounded.
You hit the gnoll.
The gnoll hits you from afar with a +0 spear.
The gnoll hits you with a +0 spear. The gnoll hits you with a +0 club.
You block the gnoll's attack. x2; The gnoll closely misses you.
You slash the gnoll!
You kill the gnoll!
You closely miss the gnoll. You block the gnoll's attack.
The gnoll hits you but does no damage.
Your Axes skill increases to level 4!
You hit the gnoll.
The gnoll is severely wounded.
The gnoll hits you from afar with a +0 spear!
The gnoll hits you with a +0 club.
You hit the gnoll.
The gnoll is almost dead.
You closely miss the gnoll. The gnoll closely misses you.
The gnoll hits you but does no damage. x2
The gnoll hits you from afar with a +0 spear.
The gnoll hits you with a +0 flail.
You die...

....####
#......##
#......~~
#......##
#........
###### #
#..g.....
......
#.##g.......
......
#...@g......
......
####.#######
#### #..## #...
##..## #.##
##..# #.## ##.#
#.#(
#.##########.#.
#.#.......##.#.
#.........##.#.


You could see 3 gnolls.

Vanquished Creatures
  2 adders
  A gnoll (D:2)
  A worm (D:2)
  4 orcs
  2 ball pythons
  3 endoplasms (D:1)
  A giant cockroach (D:4)
  3 goblins (D:1)
  2 hobgoblins
  A quokka (D:1)
  6 bats
  3 frilled lizards (D:1)
  5 kobolds
  3 rats
37 creatures vanquished.

Notes
Turn   | Place    | Note
-------+----------+-------------------------------------------
     0 | D:1      | qw the Gargoyle Fighter began the quest for the Orb.
     0 | D:1      | Reached XP level 1. HP: 14/14 MP: 1/1
     0 | D:1      | 0 ||| qw: Version: 0.1-a-119-g272c26d
     0 | D:1      | 0 ||| qw: Game counter: 11188
     0 | D:1      | 0 ||| qw: Always use a shield: true
     0 | D:1      | 0 ||| qw: God list: Okawaru
     0 | D:1      | 0 ||| qw: Allow faded altars: false
     0 | D:1      | 0 ||| qw: Do Orc after D:15 true
     0 | D:1      | 0 ||| qw: Do second Lair branch before Depths: true
     0 | D:1      | 0 ||| qw: Lair rune preference: random
     0 | D:1      | 0 ||| qw: Plans: Normal, Zot, God:TSO, Crypt, Tomb, Pan,
                  | Slime, Hells, Zig, Abyss, Orb
     0 | D:1      | 0 ||| PLANNING D:1-11
    47 | D:1      | Reached skill level 2 in Axes
   309 | D:1      | Reached XP level 2. HP: 19/19 MP: 2/2
   488 | D:1      | Found a faded altar of an unknown god.
   947 | D:1      | Reached skill level 3 in Axes
  1053 | D:1      | 1053 ||| UPGRADING to +2 helmet.
  1058 | D:1      | 1058 ||| READING 3 scrolls labelled RILIST HOUSHRIFF.
  1059 | D:1      | 1059 ||| READING scroll labelled VAIFUA SASS.
  1060 | D:1      | 1060 ||| READING scroll labelled NAUCAZ GEB.
  1061 | D:1      | 1061 ||| READING 3 scrolls labelled KONGIA UKKA.
  1064 | D:1      | 1064 ||| READING scroll labelled NIPSIO WACLE.
  1065 | D:1      | 1065 ||| DRINKING 3 fuming green potions.
  1066 | D:1      | 1066 ||| READING 2 scrolls of identify.
  1066 | D:1      | 1066 ||| IDENTIFYING murky cyan potion
  1067 | D:1      | 1067 ||| DROPPING potion of invisibility.
  1078 | D:2      | 1078 ||| Stepping ~*~*~tactically~*~*~ (stealth).
  1084 | D:2      | Reached XP level 3. HP: 23/23 MP: 3/3
  1089 | D:2      | 1089 ||| DROPPING +0 whip.
  1333 | D:2      | You fall into a shaft and drop 2 floors!
  1616 | D:3      | 1616 ||| UPGRADING to amulet of reflection.
  1621 | D:3      | 1621 ||| READING scroll labelled IDIMOHEPPO.
  1691 | D:2      | Reached XP level 4. HP: 28/28 MP: 4/4
  1776 | D:2      | 1776 ||| Stepping ~*~*~tactically~*~*~ (hiding).
  1786 | D:2      | Reached skill level 4 in Axes
  1787 | D:2      | HP: 2/28 [gnoll/+0 spear (6)]
  1787 | D:2      | Slain by a gnoll

Levels and vault maps discovered:
D:1:      minmay_arrival_four_houses, layout_rooms, serial_co_window_serial,
          co_window_paths_a, co_window_corner_a, co_window_corner_a,
          co_window_cross_1, co_window_paths_a, co_window_corner_a,
          co_window_paths_a, co_window_2corner, co_window_of_opportunity_b,
          co_window_2corner, co_window_broadway_b, co_window_4corner_b,
          glass_columns_a, glass_columns_c,
          hellmonk_ecumenical_altar_inner_sanctum, minmay_hexomino_f4
D:2:      layout_basic, chequers_serial_rivers_large_b
D:3:      minmay_angry_zag, layout_basic, eino_curves_02,
          kennysheep_generic_room_3
D:4:      layout_loops_ring, lemuel_mausoleum_altar_yredelemnul

Skill      XL: |  1  2  3  4 |
---------------+-------------+-----
Axes           | 2 3 4 |  4.0
Fighting       | |  3.2
Armour         | |  3.2
Shields        | |  3.2

Action                   |  1- 3 |  4- 6 || total
-------------------------+-------+-------++-------
Melee: War axe           |   116 |     7 ||   123
Throw: Boomerang         |     8 |     3 ||    11
  Use: Scroll            |     7 |       ||     7
       Potion            |     1 |       ||     1
Armor: Scale mail        |    67 |     4 ||    71
Dodge: Dodged            |    47 |     4 ||    51
Block: Buckler           |    28 |     8 ||    36

Table legend:
 A = Non-vault XP
 B = Vault XP
 C = Vault XP percentage of total XP
 D = Non-vault monster count
 E = Vault monster count
 F = Vault count percentage of total count
                 A         B        C        D         E       F
            +---------+---------+-------+---------+---------+-------
      Total |      94 |      10 |   9.6 |      31 |       6 |  16.2
            +---------+---------+-------+---------+---------+-------
        D:1 |      25 |       6 |  19.4 |      15 |       4 |  21.1
        D:2 |      48 |       0 |   0.0 |      11 |       0 |   0.0
        D:3 |      19 |       4 |  17.4 |       4 |       2 |  33.3
        D:4 |       2 |       0 |   0.0 |       1 |       0 |   0.0
            +---------+---------+-------+---------+---------+-------
